 Dungeon Crawl Stone Soup version 0.25-a0-294-gea9b1ad378 (webtiles) character file.

Game seed: 7720806774233185314, levelgen mode: classic

1183 Borgoz the Covered (level 8, -2/70 HPs)
             Began as a Gargoyle Berserker on Dec 19, 2019.
             Was a Priest of Trog.
             Slain by an orc warrior
             ... wielding a +2 short sword of venom
              (8 damage)
             ... on level 5 of the Dungeon.
             The game lasted 00:06:48 (4700 turns).

Borgoz the Covered (Gargoyle Berserker)             Turns: 4700, Time: 00:06:48

Health: -2/70      AC: 19    Str: 26    XL:     8   Next: 42%
Magic:  8/8        EV:  9    Int:  8    God:    Trog [***...]
Gold:   329        SH:  0    Dex: 11    Spells: 7/7 levels left

rFire    . . .     SeeInvis .   a - +0 falchion
rCold    . . .     Gourm    .   (no shield)
rNeg     + . .     Faith    .   g - +0 plate armour
rPois    ∞         Spirit   .   p - +1 hat
rElec    +         Reflect  .   (no cloak)
rCorr    .         Harm     .   (no gloves)
MR       ++...                  (no boots)
Stlth    ..........             (no amulet)
HPRegen  1.21/turn              (no ring)
MPRegen  0.11/turn              (no ring)

@: berserking, regenerating, very quick
A: negative energy resistance 1, electricity resistance, unbreathing,
petrification resistance, rot immunity, AC +5
a: Berserk, Trog's Hand, Renounce Religion


You were on level 5 of the Dungeon.
You worshipped Trog.
Trog was most pleased with you.
You were very hungry.

You visited 1 branch of the dungeon, and saw 5 of its levels.

You collected 329 gold pieces.

Inventory:

Hand Weapons
 a - a +0 falchion (weapon)
Armour
 g - a +0 plate armour (worn)
 p - a +1 hat (worn)
Wands
 r - a wand of disintegration (30)
Scrolls
 d - 5 scrolls of remove curse
 e - a scroll of blinking {unknown}
 h - a scroll of fog {unknown}
 i - 2 scrolls of teleportation
 k - 2 scrolls of identify {unknown}
 l - a scroll of immolation {unknown}
 n - 3 scrolls of magic mapping {unknown}
 q - a scroll of noise {unknown}
 u - a scroll of enchant weapon {unknown}
 v - a scroll of enchant armour {unknown}
Potions
 b - a potion of haste
 f - a potion of agility {unknown}
 j - a potion of magic {unknown}
 m - 2 potions of cancellation {unknown}
 o - 2 potions of heal wounds {unknown}
 s - 3 potions of curing {unknown}
 t - a potion of flight {unknown}
 w - a potion of mutation {unknown}
 x - 2 potions of degeneration {unknown}
Comestibles
 c - 12 rations
 z - 2 chunks of flesh


   Skills:
 - Level 3.6 Fighting
 + Level 5.8 Long Blades
 + Level 6.4 Armour
 + Level 4.8 Dodging


You had 7 spell levels left.
You didn't know any spells.
Your spell library was empty.

Dungeon Overview and Level Annotations

Branches:
Dungeon (5/15)             Temple (0/1) D:4

Altars:
Cheibriados
Wu Jian


Innate Abilities, Weirdness & Mutations

You are resistant to torment.
Your stone body is resilient. (AC +5)
You are immune to poison.
You resist negative energy. (rN+)
You are resistant to electric shocks. (rElec)
You can survive without breathing.
You are immune to petrification.
You are immune to rotting.


Message History

The orc priest hits you but does no damage.
The orc priest invokes the aid of Beogh against you.
Beogh smites you!
* * * LOW HITPOINT WARNING * * *
A red film seems to cover your vision as you go berserk!
You feel yourself moving faster!
You feel mighty!
You are feeling very hungry.
The orc warrior hits you with a +2 short sword of venom!
* * * LOW HITPOINT WARNING * * *
A crimson imp comes into view.
The orc priest hits you but does no damage.
Your plate armour prevents you from hitting the orc priest.
The orc warrior hits you but does no damage.
You closely miss the orc priest.
The orc wizard hits you but does no damage.
The orc priest hits you but does no damage.
The orc priest mumbles some strange prayers to Beogh against you.
You resist with almost no effort.
The orc warrior hits you with a +2 short sword of venom!
You die... ##. ###.. #..##.... o.. #.......5 ... #.......# .... ........# ..... ......##..... #Yooooo..?.

##@o# #..##
##..# #..##
##..# # #...#
##. #..)# ####
#...#..####....
..............#


You could see an orc warrior, an ice beast, 2 orc priests, an orc wizard, a
crimson imp and 2 orcs.

Vanquished Creatures
  A sky beast (D:5)
  A centaur (D:5)
  A scorpion (D:5)
  6 killer bees (D:4)
  A crimson imp (D:5)
  A quasit (D:3)
  A hound (D:4)
  4 orc priests (D:4)
  7 orc wizards
  2 worker ants
  A hound skeleton (D:4)
  3 gnolls
  7 adders
  A shadow imp (D:2)
  2 oozes
  An adder skeleton (D:4)
  2 worms (D:2)
  2 leopard geckos (D:3)
  14 orcs
  8 giant cockroaches
  7 goblins
  11 hobgoblins
  11 jackals
  5 kobolds
  A quokka (D:3)
  2 ball pythons
  8 bats
  2 frilled lizards
  A jackal skeleton (D:4)
  A leopard gecko skeleton (D:4)
  A leopard gecko zombie (D:5)
  11 rats
127 creatures vanquished.

Notes
Turn   | Place    | Note
-------+----------+-------------------------------------------
     0 | D:1      | Borgoz the Gargoyle Berserker began the quest for the Orb.
     0 | D:1      | Reached XP level 1. HP: 14/14 MP: 1/1
   179 | D:1      | Reached XP level 2. HP: 18/19 MP: 2/2
   571 | D:2      | Reached XP level 3. HP: 4/23 MP: 3/3
  1392 | D:2      | Reached ** piety under Trog
  1400 | D:2      | Reached skill level 3 in Armour
  1551 | D:2      | Reached XP level 4. HP: 28/28 MP: 4/4
  1800 | D:2      | Found a snail-covered altar of Cheibriados.
  2148 | D:3      | Reached XP level 5. HP: 32/32 MP: 5/5
  2401 | D:3      | Reached *** piety under Trog
  2700 | D:3      | Reached skill level 4 in Armour
  2917 | D:3      | Reached XP level 6. HP: 37/37 MP: 6/6
  3305 | D:4      | Reached XP level 7. HP: 24/41 MP: 7/7
  3332 | D:4      | Reached skill level 5 in Armour
  3664 | D:4      | Found an ornate altar of the Wu Jian Council.
  3685 | D:4      | Found a staircase to the Ecumenical Temple.
  3698 | D:4      | Reached skill level 5 in Long Blades
  3937 | D:4      | Reached XP level 8. HP: 42/47 MP: 8/8
  4362 | D:5      | Entered Level 5 of the Dungeon
  4395 | D:5      | Reached skill level 6 in Armour
  4684 | D:5      | Reached **** piety under Trog
  4700 | D:5      | Slain by an orc warrior

Levels and vault maps discovered:
D:1:      giann_bridges, layout_basic
D:2:      layout_loops_corners, lemuel_doored_altar, chequers_arboretum
D:3:      minmay_evil_eye, layout_loops_cross
D:4:      layout_basic, kennysheep_mini_moat, minmay_temple_entry_slanted,
          first_ration
D:5:      layout_layer_cave, lemuel_round_altar, uniq_grinder

Skill      XL: |  1  2  3  4  5  6  7  8 |
---------------+-------------------------+-----
Long Blades    | 3 4 5 |  5.8
Dodging        | 2 3 4 |  4.8
Armour         | 3 4 5 6 |  6.4
Fighting       | |  3.6

Action                   |  1- 3 |  4- 6 |  7- 9 || total
-------------------------+-------+-------+-------++-------
Melee: Falchion          |   114 |   331 |   223 ||   668
Invok: Berserk           |     2 |     4 |     3 ||     9
       Trog's Hand       |       |     2 |     3 ||     5
  Use: Scroll            |     1 |     1 |       ||     2
       Potion            |       |     1 |       ||     1
  Eat: Chunk             |     4 |    11 |     5 ||    20
       Ration            |       |       |     1 ||     1
Armor: Animal skin       |    32 |       |       ||    32
       Plate armour      |    15 |   360 |   182 ||   557
Dodge: Dodged            |    82 |   153 |   110 ||   345
       Rpst.: Falchion   |    26 |    56 |    34 ||   116

Table legend:
 A = Non-vault XP
 B = Vault XP
 C = Vault XP percentage of total XP
 D = Non-vault monster count
 E = Vault monster count
 F = Vault count percentage of total count
                 A         B        C        D         E       F
            +---------+---------+-------+---------+---------+-------
      Total |    1683 |       7 |   0.4 |     124 |       3 |   2.4
            +---------+---------+-------+---------+---------+-------
        D:1 |      20 |       0 |   0.0 |      13 |       0 |   0.0
        D:2 |     123 |       0 |   0.0 |      35 |       0 |   0.0
        D:3 |     178 |       7 |   3.8 |      38 |       3 |   7.3
        D:4 |     932 |       0 |   0.0 |      31 |       0 |   0.0
        D:5 |     430 |       0 |   0.0 |       7 |       0 |   0.0
            +---------+---------+-------+---------+---------+-------
